 Dungeon Crawl Stone Soup version 0.26.1-11-gd32895ea62 (webtiles) character file.

Game seed: 6379994952000810886

11457 nothank2 the Thaumaturge (level 11, -6/54 HPs)
             Began as a Deep Elf Conjurer on June 24, 2021.
             Was a Priest of Vehumet.
             Mangled by a black mamba (12 damage)
             ... on level 2 of the Lair of Beasts.
             The game lasted 00:46:40 (14529 turns).

nothank2 the Thaumaturge (Deep Elf Conjurer)       Turns: 14529, Time: 00:46:41

Health: -6/54      AC:  4    Str:  4    XL:     11   Next: 49%
Magic:  18/38      EV: 14    Int: 33    God:    Vehumet [***...]
Gold:   696        SH:  6    Dex: 13    Spells: 18/35 levels left

rFire    . . .     SeeInvis .   S - staff of conjuration
rCold    . . .     Faith    .   k - +1 buckler
rNeg     . . .     Spirit   .   a - +0 robe
rPois    .         Reflect  .   (no helmet)
rElec    .         Harm     .   q - +1 cloak
rCorr    .         Rampage  .   (no gloves)
Will     +....                  (no boots)
Stlth    ++........             e - amulet of magic regeneration
HPRegen  0.18/turn              I - ring of magical power
MPRegen  0.51/turn              j - +6 ring of intelligence

@: lethally poisoned (-6 -> -15)
A: no striking features
a: Renounce Religion


You were on level 2 of the Lair of Beasts.
You worshipped Vehumet.
Vehumet was most pleased with you.
You visited 3 branches of the dungeon, and saw 14 of its levels.

You collected 761 gold pieces.
You spent 65 gold pieces at shops.

Inventory:

Hand Weapons
 n - a +1 dagger of venom
 o - a +2 mace of protection
 N - a +2 rapier of flaming
Missiles
 c - 59 poisoned darts
Armour
 a - a +0 robe (worn)
 k - a +1 buckler (worn)
 q - a +1 cloak (worn)
Magical Staves
 S - an uncursed staff of conjuration (weapon)
Jewellery
 e - an amulet of magic regeneration (around neck)
 i - an uncursed ring of protection from fire
 j - a +6 ring of intelligence (right hand)
 l - a +6 ring of strength
 r - an uncursed ring of stealth
 I - a ring of magical power (left hand)
 Q - an uncursed ring of protection from fire
 R - an uncursed ring of protection from cold {unknown}
Wands
 u - a wand of acid (30)
 y - a wand of disintegration (14)
 A - a wand of paralysis (9)
 U - a wand of enslavement (13)
 V - a wand of polymorph (12)
Scrolls
 g - 8 scrolls of identify
 m - 6 scrolls of enchant armour
 w - 3 scrolls of teleportation
 B - a scroll of fog {unknown}
 D - a scroll of noise {unknown}
 E - a scroll of amnesia
 F - 8 scrolls of remove curse
 G - 2 scrolls of fear
 H - a scroll of random uselessness {unknown}
 J - 5 scrolls of enchant weapon
 K - 2 scrolls of magic mapping
 L - a scroll of silence {unknown}
 O - a scroll of holy word {unknown}
 P - 3 scrolls of blinking
 T - a scroll of brand weapon {unknown}
Potions
 b - 6 potions of heal wounds
 d - 4 potions of degeneration {unknown}
 f - 4 potions of flight {unknown}
 h - 7 potions of curing
 p - 2 potions of lignification {unknown}
 s - a potion of haste {unknown}
 t - a potion of brilliance {unknown}
 v - 2 potions of might {unknown}
 x - 4 potions of attraction {unknown}
 z - 2 potions of ambrosia {unknown}
 C - 4 potions of mutation {unknown}
Miscellaneous
 M - a phial of floods


   Skills:
 * Level 1.8 Staves
 - Level 4.3 Dodging
 - Level 2.4 Stealth
 - Level 4.3 Shields
 + Level 12.9 Spellcasting
 + Level 11.7 Conjurations
 - Level 7.8 Hexes
 * Level 5.5 Fire Magic
 * Level 5.8 Earth Magic


You had 18 spell levels left.
You knew the following spells:

 Your Spells              Type           Power        Failure   Level
a - Magic Dart            Conj           100%         0%          1
b - Searing Ray           Conj           100%         1%          2
c - Fulminant Prism       Conj/Hex       46%          1%          4
d - Iskenderun's Battles  Conj           99%          1%          5
e - Bolt of Magma         Conj/Fire/Erth 41%          1%          5

Your spell library contained the following spells:

 Spells                   Type           Power        Failure   Level
 Stone Arrow              Conj/Erth      100%         1%          3
 Slow                     Hex            65%          1%          2
 Conjure Flame            Conj/Fire      87%          1%          3
 Dazzling Flash           Conj/Hex       100%         1%          3
 Mephitic Cloud           Conj/Pois/Air  63%          1%          3
 Iskenderun's Mystic Bla  Conj/Tloc      74%          1%          4
 Iron Shot                Conj/Erth      43%          2%          6
 Blink                    Tloc           N/A          3%          2
 Call Imp                 Summ           21%          3%          2
 Orb of Destruction       Conj           49%          4%          7
 Spellforged Servitor     Conj/Summ      37%          36%         7


Dungeon Overview and Level Annotations

Branches:
Dungeon (11/15)            Temple (1/1) D:4            Lair (2/6) D:11
  Swamp: Lair:2-4    Shoals: Lair:2-4     Snake: Lair:2-4    Spider: Lair:2-4
    Orc: D:9-12

Altars:
Ashenzari
Cheibriados
Elyvilon
Hepliaklqana
Makhleb
Nemelex Xobeh
Okawaru
Qazlal
Ru
Trog
Uskayaw
Vehumet
Wu Jian
Xom
Yredelemnul
Zin
The Shining One

Shops:
D:4 !   D:5 *   D:10 *


Message History

The fungus is moderately damaged.
You hear an angry hiss.
The searing ray hits the black mamba!
The black mamba is heavily wounded.
Your battlesphere fires!
The barrage of energy hits the blink frog!
You kill the blink frog!
Vehumet accepts your kill.
Vehumet offers you knowledge of Stone Arrow.
Your battlesphere expends the last of its energy and dissipates.
The black mamba misses you. The blink frog hits you!
The blink frog blinks!
The black mamba bites you!
* * * LOW HITPOINT WARNING * * *
You are lethally poisoned!
The black mamba poisons you!
The searing ray hits the black mamba!
The black mamba is severely wounded.
* * * LOW HITPOINT WARNING * * *
You feel sick. The black mamba bites you!
You die...

........#....
#......!..... .
#............
..+............
.........F..†..
#............
..#....†..P☼...
......S@..PP...
..#.⌠.#†..#....
#... .##.# .
.... .. #.. ...
... #.. .. ....
#... . ....#
#.. ##.⌠. #..
.#.#.PP.
...#......#


You could see a black mamba and a blink frog.

Vanquished Creatures
  2 hydras
  A cyclops (D:11)
  A black mamba (Lair:1)
  A rime drake (Lair:1)
  3 cane toads (Lair:1)
  A komodo dragon (Lair:1)
  A polar bear (Lair:1)
  A troll (D:10)
  Grinder (D:4)
  6 blink frogs (Lair:2)
  Sigmund (D:2)
  A wraith (D:11)
  2 wyverns (D:11)
  8 yaks
  A basilisk (Lair:1)
  Eustachio (D:4)
  Edmund (D:4)
  4 water moccasins (Lair:1)
  3 orc warriors
  3 sky beasts
  3 ice beasts
  4 phantoms
  5 ogres
  A centaur (D:9)
  A big kobold (D:9)
  4 bullfrogs
  A wyvern zombie (D:9)
  A gnoll sergeant (D:8)
  3 scorpions (D:5)
  A howler monkey (D:6)
  2 centaur zombies
  A bullfrog zombie (D:8)
  A quasit (D:10)
  9 hounds
  3 jellies (D:5)
  6 orc priests
  7 orc wizards
  Crazy Yiuf (D:3)
  A bullfrog skeleton (D:11)
  3 iguanas
  9 worker ants
  3 hound zombies
  A worker ant zombie (D:2)
  8 gnolls
  9 adders
  3 shadow imps
  A white imp (D:5)
  2 ufetubi (D:10)
  3 adder zombies (D:2)
  6 adder skeletons
  5 worms
  7 leopard geckos
  22 orcs
  9 bats
  A bat skeleton (D:2)
  2 bat zombies (D:2)
  6 giant cockroaches
  2 gnoll zombies (D:8)
  3 goblins
  6 hobgoblins
  7 jackals
  5 quokkas
  A ball python (D:2)
  4 frilled lizards
  A giant cockroach zombie (D:2)
  2 jackal skeletons
  A jackal zombie (D:5)
  17 kobolds
  A quokka zombie (D:2)
  10 rats
258 creatures vanquished.

Vanquished Creatures (others)
  8 fulminant prisms
  5 withered plants (D:2)
13 creatures vanquished.

Grand Total: 271 creatures vanquished

Notes
Turn   | Place    | Note
-------+----------+-------------------------------------------
     0 | D:1      | nothank2 the Deep Elf Conjurer began the quest for the Orb.
     0 | D:1      | Reached XP level 1. HP: 10/10 MP: 6/6
   175 | D:1      | Reached XP level 2. HP: 15/15 MP: 4/8
   355 | D:1      | Reached skill level 5 in Conjurations
  1224 | D:2      | Reached XP level 3. HP: 19/19 MP: 5/9
  1262 | D:2      | Noticed Sigmund
  1270 | D:2      | Killed Sigmund
  1271 | D:2      | Reached skill level 4 in Spellcasting
  1271 | D:2      | Reached XP level 4. HP: 24/24 MP: 1/12
  1271 | D:2      | Reached XP level 5. HP: 28/28 MP: 1/13
  1892 | D:2      | Found a burning altar of Makhleb.
  1900 | D:2      | Reached skill level 5 in Spellcasting
  1976 | D:2      | Reached XP level 6. HP: 32/32 MP: 9/15
  2656 | D:2      | Learned a level 2 spell: Searing Ray
  2661 | D:2      | Learned a level 4 spell: Fulminant Prism
  2671 | D:2      | HP: 1/32 [hobgoblin (2)]
  3561 | D:3      | Found a runed translucent door.
  3668 | D:3      | Noticed Crazy Yiuf
  3675 | D:3      | Killed Crazy Yiuf
  3676 | D:3      | Reached skill level 6 in Spellcasting
  3784 | D:3      | Found a bloodstained altar of Trog.
  3925 | D:3      | Found a sacrificial altar of Ru.
  4679 | D:4      | Noticed Edmund
  4694 | D:4      | Killed Edmund
  4695 | D:4      | Reached XP level 7. HP: 18/36 MP: 2/19
  4907 | D:4      | Noticed Eustachio
  4931 | D:4      | Killed Eustachio
  4932 | D:4      | Reached skill level 7 in Spellcasting
  5006 | D:4      | Found Migap's Distillery.
  5011 | D:4      | Bought a potion of heal wounds for 65 gold pieces
  5048 | D:4      | Noticed Grinder
  5058 | D:4      | Killed Grinder
  5059 | D:4      | Reached skill level 8 in Spellcasting
  5474 | D:4      | Found a staircase to the Ecumenical Temple.
  5540 | Temple   | Entered the Ecumenical Temple
  5546 | Temple   | Became a worshipper of Vehumet
  5649 | D:5      | Entered Level 5 of the Dungeon
  5686 | D:5      | Reached XP level 8. HP: 29/41 MP: 15/22
  5853 | D:5      | Reached skill level 1 in Hexes
  5894 | D:5      | Reached skill level 1 in Shields
  5951 | D:5      | Found Pext's General Store.
  6113 | D:5      | Found a glowing golden altar of the Shining One.
  6418 | D:5      | Reached skill level 5 in Hexes
  7203 | D:6      | Reached XP level 9. HP: 45/45 MP: 14/23
  7593 | D:6      | Found a hide-covered altar of Uskayaw.
  8321 | D:7      | Reached * piety under Vehumet
  8321 | D:7      | Offered knowledge of Freeze by Vehumet.
  8545 | D:7      | Found an ornate altar of the Wu Jian Council.
  8545 | D:7      | Found a sacrificial altar of Ru.
 10010 | D:8      | Found an iron altar of Okawaru.
 10439 | D:8      | Found a basalt altar of Yredelemnul.
 10486 | D:8      | Reached skill level 9 in Spellcasting
 10594 | D:8      | Found a broken altar of Ashenzari.
 10860 | D:9      | Learned a level 5 spell: Iskenderun's Battlesphere
 10866 | D:9      | Learned a level 5 spell: Bolt of Magma
 10990 | D:9      | Reached skill level 1 in Fire Magic
 10990 | D:9      | Reached skill level 1 in Earth Magic
 11240 | D:9      | Offered knowledge of Foxfire by Vehumet.
 11329 | D:9      | Reached ** piety under Vehumet
 11465 | D:10     | Entered Level 10 of the Dungeon
 11471 | D:10     | Found Potofeo's Elemental Accessories.
 11534 | D:10     | Noticed a troll
 11541 | D:10     | Killed a troll
 11542 | D:10     | Reached skill level 10 in Spellcasting
 11654 | D:10     | Reached XP level 10. HP: 35/50 MP: 26/26
 11658 | D:10     | Reached skill level 10 in Conjurations
 12542 | D:11     | Noticed a seven-headed hydra
 12549 | D:11     | Killed a seven-headed hydra
 12553 | D:11     | Reached skill level 11 in Spellcasting
 13164 | D:11     | Offered knowledge of Ignite Poison by Vehumet.
 13304 | D:11     | Found a staircase to the Lair.
 13337 | D:11     | Reached *** piety under Vehumet
 13457 | D:11     | Noticed a cyclops
 13459 | D:11     | Killed a cyclops
 13460 | D:11     | Reached skill level 12 in Spellcasting
 13647 | Lair:1   | Entered Level 1 of the Lair of Beasts
 13647 | Lair:1   | Noticed a cane toad
 13649 | Lair:1   | Killed a cane toad
 13730 | Lair:1   | Reached XP level 11. HP: 54/54 MP: 29/29
 13813 | Lair:1   | Found a hazy altar of Hepliaklqana.
 14032 | Lair:1   | Reached skill level 5 in Earth Magic
 14077 | Lair:1   | Reached skill level 5 in Fire Magic
 14489 | Lair:2   | Noticed an eight-headed hydra
 14493 | Lair:2   | Killed an eight-headed hydra
 14494 | Lair:2   | Reached skill level 1 in Staves
 14528 | Lair:2   | Offered knowledge of Stone Arrow by Vehumet.
 14529 | Lair:2   | Mangled by a black mamba

Illustrated notes

Levels and vault maps discovered:
D:1:      matt_arrival_diagonals, layout_basic
D:2:      layout_loops_ring, makhleb_blood_cavern_becter, serial_undead,
          serial_undead_f, serial_undead_b, serial_undead_a, serial_undead_c,
          serial_undead_d, serial_undead_f, serial_undead_d, serial_undead_a,
          serial_undead_b, serial_undead_f, kennysheep_generic_room_13,
          uniq_sigmund
D:3:      wad_pebble_path, layout_basic, lemuel_doored_altar,
          nicolae_ru_the_path_less_chosen, uniq_crazy_yiuf_cottage
D:4:      layout_basic, temple_pool_b, serial_shops, shop, uniq_edmund,
          uniq_grinder, uniq_eustachio
D:5:      minmay_thinvault, layout_loops_ring, tso_oasis_becter, serial_shops,
          kennysheep_little_box
D:6:      layout_basic, lemuel_crystal_altar
D:7:      layout_layer_cave, chequers_temple_overflow_statue_of_worship,
          skrybe_limestone_x
D:8:      layout_rooms, lemuel_zombie_altar_yredelemnul,
          nicolae_ashenzari_panopticon, okawaru_metal_pillars_1_2
D:9:      layout_roguey
D:10:     layout_irregular_city, serial_column_ruins, column_ruins_pillar_4,
          column_ruins_pillar_3, column_ruins_pillar_3, column_ruins_pillar_5,
          column_ruins_pillar_1, column_ruins_pillar_1, column_ruins_pillar_1,
          column_ruins_pillar_2, column_ruins_pillar_6, column_ruins_pillar_9,
          column_ruins_pillar_2, column_ruins_pillar_1, column_ruins_pillar_1,
          column_ruins_pillar_12, nicolae_elemental_shop, grunt_ministairs_3
D:11:     layout_roguey, lair_entry_dummy, nrook_campfire
Temple:   eino_narrow_crystal_temple
Lair:1:   layout_hall_layers, basic_altar
Lair:2:   dragon1_lemuel, layout_regular_city, nzn_sisyphean_effort,
          serial_bayou_shore_b, grunt_megastairs_5, serial_bayou_shore_a,
          infiniplex_staircase_pool, lemuel_fruit_fields, lemuel_fruit_fields

Skill      XL: |  1  2  3  4  5  6  7  8  9 10 11 |
---------------+----------------------------------+-----
Conjurations   | 5 6 7 8 9 11 | 11.7
Spellcasting   | 4 5 6 8 10 12 | 12.9
Hexes          | 6 7 |  7.8
Shields        | 3 4 |  4.3
Dodging        | 3 4 |  4.3
Fire Magic     | 2 4 5 |  5.5
Earth Magic    | 2 4 5 |  5.8
Staves         | 1 |  1.8
Stealth        | |  2.4

Action                   |  1- 3 |  4- 6 |  7- 9 | 10-12 || total
-------------------------+-------+-------+-------+-------++-------
Melee: Dagger            |       |     4 |       |       ||     4
       Mace              |       |       |     1 |       ||     1
       Staff             |       |       |       |     5 ||     5
 Cast: Magic Dart        |    50 |   178 |   249 |    90 ||   567
       Searing Ray       |       |     4 |    42 |    27 ||    73
       Fulminant Prism   |       |       |     4 |     4 ||     8
       Bolt of Magma     |       |       |       |    21 ||    21
       Iskenderun's Batt |       |       |       |     6 ||     6
  Use: Scroll            |     1 |     7 |     3 |       ||    11
Armor: Robe              |     1 |     5 |     7 |     3 ||    16
Dodge: Dodged            |     6 |    32 |    39 |    25 ||   102
Block: Buckler           |       |       |    20 |     9 ||    29
